 Dungeon Crawl Stone Soup version 0.30.0-5-g1a98f26d00 (webtiles) character file.

Game seed: 11590515162243577004

202792 dialectric the Warrior (level 18, -2/90 HPs)
             Began as a Gargoyle Cinder Acolyte on May 10, 2023.
             Was a Priest of Ignis.
             Slain by a large abomination (19 damage)
             ... on level 7 of the Abyss.
             The game lasted 01:04:26 (26796 turns).

dialectric the Warrior (Gargoyle Cinder Acolyte)   Turns: 26796, Time: 01:04:27

Health: -2/90      AC: 35    Str: 19 (20) XL:     18   Next: 59%
Magic:  17/17      EV:  6    Int: 11      God:    Ignis [***...]
Gold:   1249       SH: 14    Dex: 10 (11) Spells: 17/19 levels left

rFire   + . .        o - +4 trident (distort)
rCold   + . .        X - +1 kite shield {AC+3}
rNeg    + . .        V - +4 chain mail of Vauriyroa {Regen+ rCorr Str+2}
rPois   ∞            h - +1 hat
rElec   +            Y - scarf {shadows}
rCorr   +            M - +2 pair of gloves of Marhotul {rF+}
SInv    .            (no boots)
Will    +....        x - amulet of regeneration Stlth
                     n - ring of protection from cold
HPRegen 1.95/turn    S - +6 ring of dexterity
MPRegen 0.15/turn

%: random rage (9%)
@: about to teleport, on berserk cooldown, flying, slowed, constricted, very
slow
A: sickness immunity, AC +13, big wings, negative energy resistance 1,
electricity resistance, torment resistance 1, petrification resistance, antennae
1, talons 1, high MP 1, heat vulnerability 1, [berserk 2], [clumsy 2], [deformed
body], [deterioration 2], [dopey 2], [frail 3], [low MP 2], [screaming 2], [weak
2]
}: 1/15 runes: serpentine
a: Renounce Religion, Fiery Armour, Foxfire Swarm


You were on level 7 of the Abyss.
You worshipped Ignis.
Ignis was most pleased with you.
You visited 6 branches of the dungeon, and saw 30 of its levels.
You visited the Abyss 2 times.

You collected 2166 gold pieces.
You spent 917 gold pieces at shops.

Inventory:

Hand Weapons
 o - a +4 trident of distortion (weapon)
 r - a +3 trident of venom
 U - the +4 morningstar of Gozag, Hungering {vamp, rElec rC+ rN+ Int+3}
   (You bought it in a shop on level 2 of the Orcish Mines)

   Int:       It affects your intelligence (+3).
   rC:        It protects you from cold.
   rElec:     It insulates you from electricity.
   rN:        It protects you from negative energy.
Missiles
 c - 15 curare-tipped darts
 l - 30 poisoned darts (quivered)
Armour
 f - a +3 kite shield of fire resistance
 h - a +1 hat (worn)
 m - the +7 scale mail of Responsibility {rC+ Str+3}
   (You found it on level 2 of the Dungeon)

   Str:       It affects your strength (+3).
   rC:        It protects you from cold.
 M - the +2 pair of gloves of Marhotul (worn) {rF+}
   (You found it on level 12 of the Dungeon)

   rF:        It protects you from fire.
 V - the +4 chain mail of Vauriyroa (worn) {Regen+ rCorr Str+2}
   (You bought it in a shop on level 2 of the Orcish Mines)

   Str:       It affects your strength (+2).
   Regen:     It increases your rate of health regeneration.
   rCorr:     It protects you from acid and corrosion.
 X - a +1 kite shield of protection (worn)
 Y - a scarf of shadows (worn)
Magical Staves
 K - the staff of conjuration "Xaosefod" {rElec rN+ Dex+3 SInv}
   (You found it on level 12 of the Dungeon)

   [staff of conjuration]

   Base accuracy: +5 Base damage: 5 Base attack delay: 1.2 This weapon's minimum
   attack delay (0.6) is reached at skill level 12.
   Dex:       It affects your dexterity (+3).
   rElec:     It insulates you from electricity.
   rN:        It protects you from negative energy.
   SInv:      It lets you see invisible.
   It falls into the 'Staves' category.
   It is a one-handed weapon.
Jewellery
 e - an amulet of guardian spirit
 n - a ring of protection from cold (left hand)
 x - an amulet of regeneration (around neck)
 I - a ring of wizardry
 O - a ring of wizardry
 Q - a ring of protection from cold
 S - a +6 ring of dexterity (right hand)
 W - an amulet of reflection
 Z - a ring of see invisible
Wands
 b - a wand of flame (98)
 p - a wand of acid (28)
 u - a wand of mindburst (5)
 B - a wand of iceblast (36)
 C - a wand of digging (7)
 J - a wand of polymorph (17)
Scrolls
 g - 15 scrolls of identify
 i - a scroll of acquirement
 v - 2 scrolls of poison
 w - 3 scrolls of teleportation
 y - 3 scrolls of fog
 D - a scroll of enchant armour
 F - a scroll of amnesia
 H - 3 scrolls of vulnerability
 P - a scroll of silence
 R - 3 scrolls of magic mapping
Potions
 a - a potion of invisibility
 d - 4 potions of attraction
 j - 4 potions of heal wounds
 k - a potion of magic
 q - 8 potions of mutation
 s - 8 potions of curing
 z - 2 potions of resistance
 A - 4 potions of flight
 E - 5 potions of might
 G - 2 potions of haste
 T - 2 potions of cancellation


   Skills:
 + Level 19.8 Fighting
 - Level 1.5(11.0) Axes
 + Level 8.6(8.7) Maces & Flails
 - Level 15.0 Polearms
 - Level 3.0 Throwing
 + Level 16.8 Armour
 - Level 5.1 Dodging
 - Level 2.5 Stealth
 + Level 17.1 Shields
 + Level 1.0 Spellcasting
 - Level 3.2 Fire Magic
 + Level 1.3 Evocations


You had 17 spell levels left.
You knew the following spells:

 Your Spells              Type           Power      Damage    Failure   Level
a - Scorch                Fire           14%        2d6       61%         2

Your spell library contained the following spells:

 Spells                   Type           Power      Damage    Failure   Level
 Magic Dart               Conj           0%         1d3       89%         1
 Sandblast                Erth           0%         2d4       89%         1
 Summon Small Mammal      Summ           0%         N/A       89%         1
 Ensorcelled Hibernation  Hex/Ice        0%         N/A       96%         2
 Lesser Beckoning         Tloc           0%         N/A       96%         2
 Passwall                 Tmut/Erth      0%         N/A       96%         2
 Static Discharge         Conj/Air       0%         2-2/arc   96%         2
 Wereblood                Tmut           0%         N/A       96%         2
 Call Canine Familiar     Summ           0%         N/A       99%         3
 Frozen Ramparts          Ice            0%         1d1       99%         3
 Gell's Gravitas          Tloc           0%         N/A       99%         3
 Hailstorm                Conj/Ice       0%         3d3       99%         3
 Spider Form              Tmut/Pois      0%         N/A       99%         3
 Stone Arrow              Conj/Erth      0%         3d7       99%         3
 Summon Guardian Golem    Hex/Summ       0%         N/A       99%         3
 Teleport Other           Tloc           0%         N/A       99%         3
 Airstrike                Air            0%         2d(0-16)  100%        4
 Anguish                  Hex/Necr       0%         N/A       100%        4
 Ice Form                 Ice/Tmut       0%         N/A       100%        4
 Sticky Flame             Conj/Fire      4%         2d3       100%        4
 Summon Ice Beast         Ice/Summ       0%         N/A       100%        4
 Summon Lightning Spire   Summ/Air       0%         N/A       100%        4
 Borgnjor's Vile Clutch   Necr/Erth      0%         N/A       100%        5
 Irradiate                Conj/Tmut      0%         3d11      100%        5
 Iskenderun's Battlesphe  Conj           0%         2d6       100%        5
 Iron Shot                Conj/Erth      0%         9d1       100%        6
 Spellforged Servitor     Conj/Summ      0%         N/A       100%        7
 Summon Hydra             Summ           0%         N/A       100%        7
 Lehudib's Crystal Spear  Conj/Erth      0%         10d2      100%        8
 Necromutation            Tmut/Necr      0%         N/A       100%        8
 Sublimation of Blood     Necr           Unusable   N/A       N/A         2

Dungeon Overview and Level Annotations

Branches:
Dungeon (13/15)            Temple (0/1) D:4            Lair (5/5) D:10
  Swamp (3/4) Lair:3        Snake (4/4) Lair:2        Slime (0/5) Lair:4
    Orc (2/2) D:12            Elf (3/3) Orc:2
 Vaults: D:13-14

Altars:
Ashenzari
Elyvilon
Okawaru
Qazlal
Jiyva

Shops:
D:11 [   D:13 *   Orc:2 (*[=   Elf:3 [   Snake:3 !   Snake:4 [

Annotations:
D:12 2 runed translucent doors
D:13 Maurice
Lair:1 exclusion: oklob plant
Lair:5 1 runed translucent door
Swamp:1 3 runed translucent doors, KCGemini's ghost, journeyman FeBe; Roxanne; Silenth's ghost, adept KoHu
Abyss:1 Zenata


Innate Abilities, Weirdness & Mutations

You are immune to sickness and miasma.
Your stone body is resilient. (AC +13)
You are immune to poison.
Your large and strong wings let you fly.
You resist negative energy. (rN+)
You are resistant to electric shocks. (rElec)
You are resistant to unholy torment.
You are immune to petrification.
You have a pair of small antennae on your head.
You have sharp toenails.
You have an increased reservoir of magic. (+10% MP)
You are vulnerable to heat. (rF-)
[You have an uncontrollable temper.]
[You are very clumsy. (Dex -4)]
[Armour fits poorly on your strangely shaped body.]
[Your body often deteriorates upon taking damage.]
[You are very dopey. (Int -4)]
[You are extremely frail. (-30% HP)]
[Your magical capacity is very low. (-20% MP)]
[You frequently scream uncontrollably at your foes.]
[You are very weak. (Str -4)]


Message History

The tentacled monstrosity is lightly wounded.
A starcursed mass splits.
The tentacled monstrosity barely misses you.
The tentacled monstrosity tentacle-slaps you!
* * * LOW HITPOINT WARNING * * *
The tentacled monstrosity barely misses you.
The tentacled monstrosity constricts you.
* * * LOW HITPOINT WARNING * * *
The large abomination barely misses you.
The smoke demon gestures at you.
The sticky flame hits you but does no damage.
You are covered in liquid flames!
You barely miss the tentacled monstrosity.
You claw the tentacled monstrosity.
The tentacled monstrosity is lightly wounded.
You are covered in liquid flames!
* * * LOW HITPOINT WARNING * * *
You block the tentacled monstrosity's attack.
The tentacled monstrosity tentacle-slaps you but does no damage.
The tentacled monstrosity completely misses you.
The tentacled monstrosity constricts you.
You block the smoke demon's attack. The smoke demon completely misses you.
The smoke demon hits you.
* * * LOW HITPOINT WARNING * * *
The large abomination hits you but does no damage.
Unknown command.
As you read the scroll of teleportation, it crumbles to dust.
You feel strangely unstable.
You feel the power of the Abyss delaying your translocation!
You are covered in liquid flames!
The tentacled monstrosity barely misses you.
You block the tentacled monstrosity's attack.
The tentacled monstrosity tentacle-slaps you but does no damage.
The tentacled monstrosity constricts you.
* * * LOW HITPOINT WARNING * * *
A great orb of eyes comes into view.
The smoke demon gestures at you.
The ball of steam hits you but does no damage.
The large abomination hits you!!
You die...

.. .. #. . # #.
#.# #X ### G## ..
#§§####.###3#.##..
# . ..##X@......
#..#XX{X##+.###
#..XX#### ..#.X#
§.§# . . # .# #.
#. . #


You could see 5 starcursed masses, a tentacled monstrosity, a great orb of eyes,
a large abomination and a smoke demon.

Vanquished Creatures
  Jorgrun (Snake:2)
  Frances (Elf:1)
  A tentacled starspawn (Abyss:5)
  3 nagarajas
  2 fenstrider witches
  Aizul (Snake:3)
  An orc warlord (D:12)
  2 deep elf demonologists (Elf:1)
  2 eleionomae
  3 bunyips
  A deep elf annihilator (Elf:1)
  A fire dragon (Lair:5)
  8 hydras
  5 salamander tyrants (Snake:4)
  6 centaur warriors
  2 boulder beetles
  Erica (D:8)
  An ogre mage (Orc:1)
  A catoblepas (Lair:5)
  2 alligators (Swamp:2)
  7 naga warriors
  13 anacondas
  2 dancing weapons (Elf:1)
  5 two-headed ogres
  6 thrashing horrors
  18 naga sharpshooters
  Urug (D:11)
  8 shock serpents
  Sonja (Lair:1)
  A skyshark (Lair:5)
  2 deep elf knights (Elf:1)
  A wretched star (Abyss:6)
  A sixfirhy (Abyss:7)
  2 goliath frogs
  6 salamander mystics
  2 sea snakes (Snake:1)
  A spriggan druid (Swamp:1)
  6 deep elf archers (Elf:1)
  3 swamp dragons
  4 bog bodies
  11 naga ritualists
  A lindwurm (Lair:5)
  14 deep elf pyromancers
  7 deep elf zephyrmancers
  2 orc knights (Orc:2)
  16 salamanders
  2 orc sorcerers
  11 mana vipers
  2 ugly things
  An oklob plant (D:10)
  A manticore (D:11)
  2 will-o-the-wisps
  2 cyclopes
  50 black mambas
  6 guardian serpents (Snake:4)
  20 elephants
  18 naga magi
  7 torpor snails
  2 gargoyles
  A kobold demonologist (D:12)
  9 cane toads
  9 komodo dragons
  An ancient zyme (Abyss:5)
  3 rime drakes
  A meliai (Abyss:7)
  2 trolls
  16 hornets
  9 tyrant leeches
  23 blink frogs
  4 dream sheep (Lair:3)
  An air elemental (Elf:2)
  A centaur simulacrum (D:12)
  5 slime creatures
  A wraith (D:13)
  9 spriggans
  A water elemental (Elf:2)
  64 yaks
  3 shadows
  A ynoxinul (Abyss:6)
  4 basilisks
  5 steam dragons
  3 wyverns
  A human (D:13)
  6 vampire mosquitoes
  2 neqoxecs
  A warg (Orc:2)
  9 chaos spawn (Abyss:5)
  41 nagas
  A swamp worm (shapeshifter) (Elf:1)
  10 swamp worms
  4 acid dragons
  9 water moccasins
  A sky beast (D:7)
  Duvessa (D:4)
  2 swamp drakes
  34 orc warriors
  2 ice beasts
  2 black bears (D:4)
  20 wolves
  6 ogres
  27 centaurs
  A phantom (D:6)
  2 kobold brigands
  6 bullfrogs
  3 gnoll sergeants
  2 scorpions (D:5)
  An earth elemental (Elf:1)
  16 wights
  Dowan (D:4)
  3 killer bees (D:10)
  A howler monkey (D:12)
  4 electric eels
  5 jellies
  12 orc priests
  8 starcursed masses
  3 gnoll boudas
  7 iguanas
  2 sleepcaps
  15 orc wizards
  25 gnolls
  8 adders
  2 shadow imps
  A white imp (D:6)
  An ufetubus (D:4)
  76 orcs
  7 ball pythons
  A bat (D:3)
  5 endoplasms
  5 giant cockroaches
  13 goblins
  7 hobgoblins
  4 jackals
  3 quokkas
  4 frilled lizards
  17 kobolds
  3 rats
939 creatures vanquished.

Vanquished Creatures (others)
  A hydra (Swamp:3)
  4 bloated husks
  A tyrant leech (Swamp:3)
  A swamp worm (Swamp:2)
  An orc wizard (D:8)
  A gnoll (D:5)
  An orc (Orc:2)
  23 foxfires
  6 starspawn tentacles (Abyss:5)
39 creatures vanquished.

Grand Total: 978 creatures vanquished

Notes
Turn   | Place    | Note
-------+----------+-------------------------------------------
     0 | D:1      | dialectric the Gargoyle Cinder Acolyte began the quest for
                  | the Orb.
     0 | D:1      | Reached XP level 1. HP: 14/14 MP: 2/2
   246 | D:1      | Reached XP level 2. HP: 19/19 MP: 3/3
   786 | D:2      | Reached XP level 3. HP: 24/24 MP: 4/4
   856 | D:2      | Identified the +7 scale mail of Responsibility {rC+ Str+3}
  1521 | D:3      | Reached XP level 4. HP: 27/29 MP: 5/5
  1611 | D:3      | Learned a level 2 spell: Scorch
  1646 | D:3      | Reached skill level 4 in Fighting
  1809 | D:3      | Noticed an ogre
  1832 | D:3      | Killed an ogre
  1833 | D:3      | Reached skill level 1 in Armour
  1833 | D:3      | Reached skill level 1 in Dodging
  1833 | D:3      | Reached XP level 5. HP: 5/33 MP: 6/6
  2192 | D:4      | Noticed a black bear
  2206 | D:4      | Killed a black bear
  2207 | D:4      | Reached XP level 6. HP: 35/39 MP: 7/7
  2290 | D:4      | Found a staircase to the Ecumenical Temple.
  2291 | D:4      | Noticed Duvessa
  2309 | D:4      | Noticed Dowan
  2358 | D:4      | You fall into a shaft and drop 2 floors!
  2399 | D:6      | Reached skill level 1 in Polearms
  2399 | D:6      | Reached skill level 1 in Stealth
  2426 | D:6      | Reached skill level 5 in Maces & Flails
  2456 | D:6      | Reached XP level 7. HP: 44/44 MP: 8/8
  2590 | D:5      | Entered Level 5 of the Dungeon
  2616 | D:6      | Reached skill level 5 in Fighting
  2766 | D:6      | Reached skill level 5 in Armour
  2861 | D:6      | Reached XP level 8. HP: 49/49 MP: 9/9
  3192 | D:4      | Killed Dowan
  3205 | D:4      | Killed Duvessa
  3265 | D:4      | Reached skill level 6 in Fighting
  4225 | D:7      | Reached XP level 9. HP: 56/56 MP: 10/10
  5222 | D:8      | Gained mutation: You have a pair of small antennae on your
                  | head. [potion of mutation]
  5222 | D:8      | Gained mutation: You have an increased reservoir of magic.
                  | (+10% MP) [potion of mutation]
  5222 | D:8      | Gained mutation: You have sharp toenails. [potion of
                  | mutation]
  5251 | D:8      | Noticed Erica
  5265 | D:8      | Killed Erica
  5266 | D:8      | Reached skill level 7 in Fighting
  5531 | D:8      | Reached skill level 10 in Armour
  5658 | D:8      | Reached XP level 10. HP: 61/63 MP: 12/12
  5884 | D:9      | Reached skill level 5 in Dodging
  5889 | D:9      | Reached skill level 8 in Fighting
  6227 | D:9      | Reached skill level 9 in Fighting
  6392 | D:10     | Entered Level 10 of the Dungeon
  6784 | D:6      | Found a white marble altar of Elyvilon.
  6805 | D:6      | Found a stormy altar of Qazlal.
  7100 | D:9      | HP: 3/99 [orc warrior/+2 mace of draining (6)]
  7269 | D:10     | Reached skill level 1 in Axes
  7269 | D:10     | Reached skill level 1 in Shields
  7285 | D:10     | Reached XP level 11. HP: 50/72 MP: 13/13
  7391 | D:10     | Reached skill level 10 in Fighting
  7463 | D:10     | Found a staircase to the Lair.
  7466 | D:10     | Noticed an oklob plant
  7478 | Lair:1   | Entered Level 1 of the Lair of Beasts
  7995 | D:11     | Noticed a two-headed ogre
  7995 | D:11     | Found Xovasal's Antique Armour Emporium.
  8054 | D:10     | Killed a two-headed ogre
  8058 | D:11     | Noticed a boulder beetle
  8076 | D:11     | Killed a boulder beetle
  8105 | D:11     | Noticed a two-headed ogre
  8119 | D:11     | Killed a two-headed ogre
  8137 | D:11     | Reached skill level 5 in Polearms
  8144 | D:11     | Reached skill level 1 in Evocations
  8275 | D:11     | Identified a scroll of acquirement
  8275 | D:11     | Acquired a manual of Polearms
  8279 | D:11     | Noticed a manticore
  8287 | D:11     | Killed a manticore
  8288 | D:11     | Reached skill level 1 in Throwing
  8461 | D:11     | Identified the +2 long sword "Impslayer" {drain, rElec rN+
                  | Dex-2}
  8495 | D:11     | Noticed a cyclops
  8625 | D:11     | Killed a cyclops
  8656 | D:11     | Noticed Urug
  8677 | D:11     | Killed Urug
  8941 | D:12     | Noticed a boulder beetle
  8941 | D:12     | Found a large runed translucent door.
  8941 | D:12     | Found a large runed translucent door.
  8945 | D:12     | Found a large runed translucent door.
  8945 | D:12     | Found a large runed translucent door.
  8960 | D:12     | Reached skill level 11 in Fighting
  8960 | D:12     | Reached skill level 5 in Shields
  8966 | D:12     | Reached XP level 12. HP: 59/80 MP: 14/14
  9035 | D:12     | Noticed a centaur warrior
  9052 | D:12     | Killed a centaur warrior
  9113 | D:12     | Found a staircase to the Orcish Mines.
  9525 | D:12     | Identified the staff of conjuration "Xaosefod" {rElec rN+
                  | Dex+3 SInv}
  9540 | D:12     | Noticed a centaur warrior
  9566 | D:12     | Noticed a two-headed ogre
  9572 | D:12     | Killed a two-headed ogre
  9949 | D:12     | Killed a centaur warrior
  9950 | D:12     | Reached skill level 10 in Polearms
  9965 | D:12     | Killed a boulder beetle
  9988 | D:12     | Identified the +2 pair of gloves of Marhotul {rF+}
 10045 | D:13     | Noticed a centaur warrior
 10076 | D:13     | Killed a centaur warrior
 10154 | D:13     | Found Yridd's Serpentskin Sales.
 10154 | D:13     | Noticed a naga warrior
 10154 | D:13     | Noticed an anaconda
 10163 | D:13     | Killed an anaconda
 10189 | D:13     | Killed a naga warrior
 10268 | D:13     | Noticed a centaur warrior
 10281 | D:13     | Killed a centaur warrior
 10282 | D:13     | Reached XP level 13. HP: 65/85 MP: 15/15
 10767 | Lair:1   | Reached skill level 12 in Fighting
 10942 | Lair:1   | Noticed Sonja
 10960 | Lair:1   | Killed Sonja
 11788 | Lair:2   | Reached skill level 10 in Shields
 11852 | Lair:2   | Found a staircase to the Snake Pit.
 12774 | Lair:3   | Gained mutation: Your large and strong wings let you fly.
                  | [Gargoyle growth]
 12774 | Lair:3   | Reached XP level 14. HP: 92/92 MP: 17/17
 12919 | Lair:3   | Found a staircase to the Swamp.
 13779 | Lair:4   | Found a viscous altar of Jiyva.
 13779 | Lair:4   | Found a staircase to the Slime Pits.
 14004 | Lair:5   | Entered Level 5 of the Lair of Beasts
 14202 | Lair:5   | Reached skill level 13 in Fighting
 15018 | Lair:5   | Found a runed translucent door.
 15232 | Lair:5   | Reached XP level 15. HP: 96/100 MP: 18/18
 15250 | Lair:5   | Reached skill level 14 in Fighting
 15606 | Swamp:1  | Entered Level 1 of the Swamp
 15696 | Snake:1  | Entered Level 1 of the Snake Pit
 16012 | Orc:1    | Entered Level 1 of the Orcish Mines
 16012 | Orc:1    | Noticed an orc warlord
 16049 | D:12     | Reached skill level 15 in Polearms
 16236 | Orc:1    | Paralysed by something for 4 turns
 16502 | Orc:2    | Entered Level 2 of the Orcish Mines
 16502 | Orc:2    | Found an iron altar of Okawaru.
 17018 | Orc:2    | Found a staircase to the Elven Halls.
 17281 | Orc:2    | Found Ucihurph's General Store.
 17281 | Orc:2    | Found Fyoces's Antique Armour Shoppe.
 17281 | Orc:2    | Found Useryvul's Jewellery Emporium.
 17285 | Orc:2    | Found Emyicwi's Antique Weapon Boutique.
 17292 | Orc:2    | Bought a scroll of teleportation for 42 gold pieces
 17294 | Orc:2    | Bought a steaming morningstar for 207 gold pieces
 17294 | Orc:2    | Identified the +4 morningstar of Gozag, Hungering {vamp,
                  | rElec rC+ rN+ Int+3} (You bought it in a shop on level 2 of
                  | the Orcish Mines)
 17373 | Orc:2    | Bought the +4 chain mail of Vauriyroa {Regen+ rCorr Str+2}
                  | for 578 gold pieces
 17431 | Elf:1    | Entered Level 1 of the Elven Halls
 17431 | Elf:1    | Noticed Frances
 18297 | Snake:2  | Found a broken altar of Ashenzari.
 18381 | Snake:2  | Reached skill level 15 in Fighting
 18409 | Snake:2  | Identified the +6 war axe "Naanex" {freeze, rF- rC+ rCorr}
 18447 | Snake:2  | Noticed Jorgrun
 18471 | Snake:2  | Killed Jorgrun
 19029 | Snake:3  | Reached XP level 16. HP: 90/108 MP: 19/19
 19054 | Snake:3  | Got the Folio of the Autopsy and Outbursts
 19393 | Snake:3  | Reached skill level 16 in Fighting
 19700 | Snake:3  | Found Xyrav's Distillery.
 19703 | Snake:3  | Bought a potion of heal wounds for 90 gold pieces
 19706 | Snake:3  | Noticed a nagaraja
 19720 | Snake:3  | Killed a nagaraja
 19839 | Snake:4  | Entered Level 4 of the Snake Pit
 20449 | Snake:3  | Reached skill level 17 in Fighting
 20449 | Snake:3  | Reached skill level 15 in Armour
 20548 | Snake:3  | Noticed Aizul
 20572 | Snake:3  | Killed Aizul
 20945 | Swamp:1  | Found a runed translucent gate.
 20945 | Swamp:1  | Found a runed translucent gate.
 20945 | Swamp:1  | Found a runed translucent gate.
 20945 | Swamp:1  | Noticed Silenth's ghost (adept KoHu)
 21294 | Swamp:1  | Noticed a fenstrider witch
 21306 | Swamp:1  | Killed a fenstrider witch
 21345 | Swamp:1  | Noticed Roxanne
 21419 | Swamp:2  | Noticed a fenstrider witch
 21442 | Swamp:2  | Paralysed by a fenstrider witch for 3 turns
 21446 | Swamp:2  | Killed a fenstrider witch
 21553 | Swamp:1  | Reached XP level 17. HP: 110/118 MP: 20/20
 21689 | Swamp:1  | Noticed KCGemini's ghost (journeyman FeBe)
 22019 | Swamp:2  | Reached skill level 18 in Fighting
 22750 | D:13     | Got the Codex of the Xenomorphic Fifth Circle
 22763 | D:13     | Noticed Maurice
 23452 | Snake:4  | Found Joahule's Armour Shop.
 24131 | Snake:4  | Reached skill level 15 in Shields
 24761 | Snake:4  | Reached skill level 19 in Fighting
 24792 | Snake:4  | Reached XP level 18. HP: 128/128 MP: 21/21
 24819 | Snake:4  | Got a serpentine rune of Zot
 25122 | Elf:1    | Killed Frances
 25342 | Elf:1    | Got the Anthology of Violence
 25736 | Abyss:3  | Cast into level 3 of the Abyss (a deep elf demonologist)
 25925 | Elf:1    | Escaped the Abyss
 26173 | Elf:1    | Noticed Zenata
 26191 | Elf:1    | Banished Zenata
 26459 | Elf:3    | Entered Level 3 of the Elven Halls
 26461 | Elf:3    | Found Diananeg's Armour Shop.
 26504 | Elf:2    | Paralysed by an air elemental for 1 turns
 26617 | Abyss:5  | Found a corrupted altar of Lugonu.
 26617 | Abyss:5  | Cast into level 5 of the Abyss (a deep elf sorcerer)
 26710 | Abyss:6  | Paralysed by accursed screaming for 1 turns
 26721 | Abyss:7  | Entered Level 7 of the Abyss
 26784 | Abyss:7  | Gained mutation: You are vulnerable to heat. (rF-) [a
                  | neqoxec]
 26786 | Abyss:7  | Noticed a tentacled monstrosity
 26796 | Abyss:7  | Slain by a large abomination

Illustrated notes

Levels and vault maps discovered:
D:1:      dpeg_arrival_chambers_temple_mockup, layout_basic
D:2:      layout_loops_cross
D:3:      layout_rooms, minmay_ogre_servants
D:4:      layout_loops_cross, minmay_temple_entry_junction, uniq_duvessa
D:5:      layout_loops_ring, kennysheep_nondescript
D:6:      layout_basic, chequers_temple_overflow_statue_of_worship
D:7:      layout_basic, serial_curves, eino_curves_04, eino_curves_03,
          eino_curves_02, feat_on_display
D:8:      wander_river, layout_rooms, uniq_erica
D:9:      layout_rooms
D:10:     layout_roguey, dpeg_oklobed_lair
D:11:     layout_cave_pools, nicolae_stop_n_shop_1, uniq_urug
D:12:     layout_irregular_city, orc_0_dummy, minmay_hollow_rounded_squares
D:13:     layout_loops_corners, grunt_vaults_entry_tiered, grunt_ministairs_13,
          guppyfry_shop_venom, uniq_maurice
Lair:1:   layout_loops_ring, gauntlet_entry_generic,
          grunt_forest_small_clearing_treed, uniq_sonja
Lair:2:   layout_big_grid, nicolae_snake_entry_squirm
Lair:3:   layout_roguey, nicolae_swamp_entry_splash_gauntlet
Lair:4:   layout_cave_pods, dpeg_slime_entry_enclosed
Lair:5:   wormcave, layout_misc_corridors, guppyfry_lair_end_dragon,
          grunt_megastairs_2
Swamp:1:  layout_basic_swamp, gammafunk_ghost_cemetery,
          hangedman_swamp_ruin_wall, swamp_pool4, uniq_roxanne
Swamp:2:  layout_basic_swamp, evilmike_swamp_ruin_house_4
Swamp:3:  nicolae_swamp_husk_halls, layout_basic_swamp,
          ebering_ghost_rock_garden, lemuel_altar_in_water, uniq_donald
Snake:1:  layout_onion_interference, serial_bayou_shore_a, nicolae_integral_box
Snake:2:  layout_onion, basic_altar, serial_bayou_shore_b, uniq_jorgrun
Snake:3:  layout_honeycomb, serial_shops, nicolae_shop_window_shopping,
          nicolae_snake_snakes_in_the_grass, serial_bayou_shore_b,
          grunt_megastairs_3, uniq_aizul
Snake:4:  grunt_snake_rune_pools, layout_cave_town, serial_shops,
          nicolae_shop_real_fake_doors
Orc:1:    layout_caves, elves_outpost_lemuel
Orc:2:    st_orc_rangers, layout_caves, basic_altar, okawaru_metal_pillars_1_2
Elf:1:    layout_loops_corners, minmay_elf_annihilation, uniq_zenata,
          uniq_frances
Elf:2:    elven_hall_of_blades_hangedman_alternative
          [nooodl_blade_entry_preview], layout_loops_cross,
          minmay_misc_feat_rows, minivault_16, serial_sigils_hangedman_stare
Elf:3:    elf_hall, layout_gridlike, ebering_ghost_reflecting_pool,
          serial_shops, shop
Abyss:7:  base: Swamp:3, evilmike_abyss_exit_17, grunt_abyss_rune_wretched_hive,
          hangedman_abyss_or_decor_clamps, evilmike_abyss_exit_mutagenic,
          evilmike_abyss_exit_15, serial_sigils_hangedman_shear,
          evilmike_abyss_exit_12, hangedman_abyss_lost_library,
          spicy_pingpong_abyss_rune

Skill      XL: |  1  2  3  4  5  6  7  8  9 10 11 12 13 14 15 16 17 18 |
---------------+-------------------------------------------------------+-----
Fighting       | 4 5 6 7 9 11 12 13 15 17 19 | 19.8
Maces & Flails | 4 5 6 8 |  8.6
Armour         | 1 2 3 5 7 10 12 13 15 16 | 16.8
Dodging        | 1 2 3 4 5 |  5.1
Polearms       | 1 7 11 13 14 15 | 15.0
Stealth        | 1 2 |  2.5
Axes           | 1 |  1.5
Shields        | 1 5 8 11 13 14 15 17 | 17.1
Evocations     | 1 |  1.3
Throwing       | 1 2 3 |  3.0
Spellcasting   | |  1.0
Fire Magic     | |  3.2

Action                     |  1- 3 |  4- 6 |  7- 9 | 10-12 | 13-15 | 16-18 || total
---------------------------+-------+-------+-------+-------+-------+-------++-------
  Melee: Mace              |   130 |    26 |       |       |       |       ||   156
         Trident           |       |    87 |   386 |   769 |  1982 |  2035 ||  5259
         Punch             |       |     1 |     3 |     6 |       |       ||    10
         Kick              |       |       |    18 |   256 |   699 |   648 ||  1621
  Throw: Dart              |       |     1 |       |    25 |    16 |    21 ||    63
 Invoke: Foxfire Swarm     |       |       |       |       |       |     2 ||     2
         Fiery Armour      |       |       |       |       |       |     2 ||     2
         Rising Flame      |       |       |       |       |       |     1 ||     1
  Evoke: Wand              |       |       |       |    10 |       |     2 ||    12
    Use: Scroll            |     1 |     3 |     3 |     4 |    10 |    16 ||    37
         Potion            |       |       |     5 |     3 |     2 |     4 ||    14
   Stab: Confused          |       |       |       |       |       |     2 ||     2
         Distracted        |       |       |       |       |       |     1 ||     1
 Armour: Robe              |    18 |       |       |       |       |       ||    18
         Scale mail        |    48 |   104 |   265 |   705 |   737 |       ||  1859
         Skin              |       |       |     7 |       |       |       ||     7
         Chain mail        |       |       |       |       |   131 |   820 ||   951
  Dodge: Dodged            |    86 |    69 |   239 |   656 |   623 |   509 ||  2182
  Block: Kite shield       |       |       |       |    76 |  1302 |  1124 ||  2502
